 Dungeon Crawl Stone Soup version 0.16-a0-3939-g9a3e665 (webtiles) character file.

732 ketsa the Insei (level 7, -3/32 HPs)
             Began as a Vine Stalker Ice Elementalist on Feb 6, 2015.
             Was a Follower of Dithmenos.
             Slain by an orc warrior
             ... wielding a +0 mace
              (5 damage)
             ... on level 6 of the Dungeon.
             The game lasted 00:24:19 (4945 turns).

ketsa the Insei (Vine Stalker Ice Elementalist)     Turns: 4945, Time: 00:24:19

Health: -3/32      AC:  6    Str: 10    XL:     7   Next: 73%
Magic:  0/17       EV: 18    Int: 16    God:    Dithmenos [*.....]
Gold:   310        SH:  0    Dex: 21    Spells: 2 memorised, 10 levels left

rFire  x . .     SeeInvis .       - Unarmed
rCold  + . .     Clarity  .     q - +0 leather armour (curse)
rNeg   . . .     SustAb   .     (no shield)
rPois  .         Gourm    .     (no helmet)
rElec  .         Spirit   +     (no cloak)
rCorr  .         Warding  .     (no gloves)
rMut   .         Stasis   .     y - +0 pair of boots
MR     .....                    (no amulet)
Stlth  ++++......               p - +2 ring of protection
                                F - ring of ice

@: agile, very slightly contaminated, hasted, wreathed by umbra, invisible, very
quick, not resistant to hostile enchantments, stealthy
A: fangs 2, regeneration 2, magic shield, antimagic bite, no device heal 3, rot
immunity
a: Renounce Religion


You were on level 6 of the Dungeon.
You worshipped Dithmenos.
Dithmenos was aware of your devotion.
You were not hungry.

You visited 2 branches of the dungeon, and saw 7 of its levels.

You collected 310 gold pieces.

Inventory:

Hand weapons
 o - a +0 hunting sling
 s - a +1 dagger of venom
Missiles
 t - 7 silver tomahawks (quivered)
 u - 15 stones
 I - 18 poisoned needles
Armour
 d - a cursed +0 chain mail
 f - a +0 robe
 k - a +0 robe
 l - a +0 robe
 m - a +0 buckler
 q - a cursed +0 leather armour (worn)
 v - a +0 robe
 y - a +0 pair of boots (worn)
 K - a +0 buckler
Rods
 z - a +1 rod of ignition (11/11)
   (You found it on level 5 of the Dungeon)
Jewellery
 p - a +2 ring of protection (right hand)
 F - a ring of ice (left hand)
 J - a cursed ring of poison resistance {unknown}
Scrolls
 e - a scroll of recharging {unknown}
 h - a scroll of random uselessness {unknown}
 i - 4 scrolls of amnesia
 j - 5 scrolls of identify
 r - a scroll of teleportation
 A - 2 scrolls of remove curse {unknown}
 D - 2 scrolls of fear
 E - a scroll of enchant armour {unknown}
Potions
 n - 2 potions of brilliance
 B - 2 potions of curing
Books
 b - a book of Frost

   Spells                             Type                      Level
   a - Freeze                         Ice                          1
   b - Throw Frost                    Conjuration/Ice              2
   c - Ozocubu's Armour               Charms/Ice                   3
   d - Throw Icicle                   Conjuration/Ice              4
   e - Summon Ice Beast               Ice/Summoning                4
   f - Condensation Shield            Ice                          4
 H - a book of Cantrips

   Spells                             Type                      Level
   a - Corona                         Hexes                        1
   b - Animate Skeleton               Necromancy                   1
   c - Summon Small Mammal            Summoning                    1
   d - Apportation                    Translocation                1
Comestibles
 c - 2 bread rations
 w - 3 meat rations
 C - a slice of pizza


   Skills:
 + Level 3.1 Dodging
 - Level 4.2 Stealth
 * Level 4.9 Unarmed Combat
 + Level 3.7 Spellcasting
 + Level 2.8 Conjurations
 + Level 3.8 Ice Magic


You had 10 spell levels left.
You knew the following spells:

 Your Spells              Type           Power        Failure   Level  Hunger
a - Freeze                Ice            ###.         6%          1    None
b - Throw Frost           Conj/Ice       ###...       12%         2    ##.....


Dungeon Overview and Level Annotations

Branches:
Dungeon (6/15)             Temple (1/1) D:4

Altars:
Ashenzari
Dithmenos
Elyvilon
Fedhas
Gozag
Kikubaaqudgha
Nemelex Xobeh
Okawaru
Ru
Trog
Vehumet

Annotations:
D:2 1 exclusion


Innate Abilities, Weirdness & Mutations

You have extremely sharp teeth.
You heal very quickly.
When hurt, damage is shared between your health and your magic reserves.
Your bite disrupts and absorbs the magic of your enemies.
Potions and wands cannot restore your health.
You are immune to rotting.


Message History

The hound bites you but does no damage.
The orc warrior hits you but does no damage.
You are very lightly contaminated with residual magic.
Drink which item? (? for menu, Esc to quit)
You feel yourself speed up. The hound completely misses you.
The orc warrior misses you. The hound misses you.
You miss the orc warrior.
The orc warrior is heavily wounded.
The hound bites you.
* * * LOW HITPOINT WARNING * * *
The orc warrior closely misses you.
You strike the helpless orc warrior from behind!
You hit the orc warrior but do no damage.
You bite the orc warrior, but do no damage.
The orc warrior is heavily wounded.
The hound closely misses you.
You hit the orc warrior. Your bite misses the orc warrior.
The orc warrior is severely wounded.
The hound completely misses you. The orc warrior hits you with a mace.
You die...

##........>..#
#.........##......
#...........#
#.........##......
#...........#
#.........##......
#...........#
#.........##.#####
#...........#
#.##########.#
#...........# #.#
#.# #.........>.#
#.# #.###
#...........# #o#
#...#
#...........#
#@###### ###.#
#........<..#
#h#....# #.#
...........###
#.#.##.# #.#
###########
#.#.##.#######.#
#...#..........#
################


You could see an orc warrior and a hound.

Vanquished Creatures
  A centaur (D:5)
  An ogre (D:6)
  3 giant frog zombies
  2 hounds
  2 orc wizards
  An orc priest (D:3)
  5 worker ants
  A hound skeleton (D:5)
  A worker ant zombie (D:5)
  3 gnolls (D:5)
  3 adders
  8 worms
  2 oozes
  8 orcs
  A bat skeleton (D:6)
  7 giant cockroaches
  11 goblins
  6 hobgoblins
  2 quokkas
  2 ball pythons
  9 bats
  4 giant geckos
  7 giant newts
  A giant spore (D:6)
  12 kobolds
  4 rats
  7 ballistomycetes
114 creatures vanquished.

Vanquished Creatures (others)
  An adder (D:5)
  A giant spore (D:5)
2 creatures vanquished.

Grand Total: 116 creatures vanquished

Notes
Turn   | Place    | Note
--------------------------------------------------------------
     0 | D:1      | ketsa, the Vine Stalker Ice Elementalist, began the quest for the Orb.
     0 | D:1      | Reached XP level 1. HP: 9/9 MP: 3/3
   279 | D:1      | Reached skill level 1 in Unarmed Combat
   279 | D:1      | Reached XP level 2. HP: 13/13 MP: 5/5
   988 | D:2      | Reached XP level 3. HP: 11/16 MP: 1/7
  1090 | D:2      | Found a sacrificial altar of Ru.
  1788 | D:2      | Noticed a moth of wrath
  1811 | D:2      | Found a bloodstained altar of Trog.
  1835 | D:3      | Found a blossoming altar of Fedhas.
  1864 | D:2      | Reached XP level 4. HP: 9/21 MP: 5/8
  2228 | D:3      | Found a shadowy altar of Dithmenos.
  2584 | D:3      | Reached skill level 4 in Stealth
  2584 | D:3      | Reached XP level 5. HP: 12/24 MP: 1/11
  2595 | D:3      | HP: 1/24 [poisoned by an orc wizard]
  2770 | D:2      | Learned a level 2 spell: Throw Frost
  3154 | D:4      | Gained mutation: You heal very quickly. [vine stalker growth]
  3154 | D:4      | Reached XP level 6. HP: 28/28 MP: 5/13
  3231 | D:4      | Found a staircase to the Ecumenical Temple.
  3249 | Temple   | Entered the Ecumenical Temple
  3559 | D:3      | Became a worshipper of Dithmenos the Shadowed
  3612 | D:5      | Entered Level 5 of the Dungeon
  3828 | D:5      | Found a radiant altar of Vehumet.
  3905 | D:5      | Reached XP level 7. HP: 21/32 MP: 16/16
  4684 | D:6      | Found a sparkling altar of Nemelex Xobeh.
  4943 | D:6      | HP: 1/32 [hound (4)]
  4945 | D:6      | Slain by an orc warrior

Action                   |  1- 3 |  4- 6 |  7- 9 || total
-------------------------+-------+-------+-------++-------
Melee: Unarmed           |   130 |   185 |   152 ||   467
Throw: Tomahawk          |    23 |    14 |       ||    37
       Stone             |    18 |    15 |       ||    33
 Cast: Freeze            |    16 |    22 |     5 ||    43
       Throw Frost       |       |     5 |    19 ||    24
  Use: Potion            |       |     9 |     3 ||    12
       Scroll            |       |     7 |       ||     7
 Stab: Sleeping          |     6 |     5 |     1 ||    12
       Invisible         |       |       |     1 ||     1
  Eat: Chunk             |     3 |     7 |     5 ||    15
